AoeStats
← willrhyd

Black Forest

508506502Analyzed
4v4 RM · 10d ago on Sep 22, 2026· 48m 29s· 8 players
Game mode
Random Map
Map size
Large (8 player)
Population
200
Speed
Normal
Resources
Standard
Victory
Conquest
Starting age
Dark Age
Ending age
Imperial Age
RankedLock teamsTeams togetherTeam positionsShared explorationLock speedFull tech treeHidden civsTurbo modeCheats
Victory
Defeat
🇹🇼 Khmer · Taiwan
1366
+15
🇺🇸 Turks · United States
1339
+16
🇨🇴 Saxons · Colombia
1317
+17
🇨🇱 Mapuche · Chile
1315
+18
🇬🇧 Ethiopians · United Kingdom
1369
-17
🇫🇷 Spanish · France
1363
-17
🇫🇷 Persians · France
1334
-16
🇪🇸 Saxons · Spain
1323
-16
Juanchan
4:04 Loom
11:31 Feudal Age
13:09 Double-Bit Axe
13:19 Horse Collar
15:58 Castle Age
16:42 Wheelbarrow
16:54 Bow Saw
17:49 Heavy Plow
23:54 Gold Mining
24:24 Stone Mining
29:55 Imperial Age
27:11 Town Watch
27:41 Hand Cart
28:21 Gambesons
28:36 Squires
28:22 Arson
29:32 Forging
29:22 Scale Mail Armor
30:28 Gold Shaft Mining
31:07 Ballistics
30:43 Murder Holes
30:29 Treadmill Crane
31:50 Chemistry
31:16 Conscription
30:23 Capped Ram
31:37 Town Patrol
32:30 Clerical Recruitment
32:35 Siege Ram
32:38 Pikeman
33:41 Caravan
34:28 Elite Hearth Troop
34:30 Shield Wall
36:06 Onager
38:12 Two-Man Saw
38:10 Crop Rotation
41:42 Siege Engineers
41:48 Fortified Wall
41:23 Arrowslits
42:15 Iron Casting
41:56 Chain Mail Armor
41:31 Fletching
41:41 Padded Archer Armor
41:47 Scale Barding Armor
42:09 Elite Varangian Guard
42:11 Halberdier
46:27 Heavy Scorpion
Evil Walks
0:32 Loom
12:36 Feudal Age
16:22 Castle Age
23:48 Fletching
24:10 Padded Archer Armor
25:42 Bodkin Arrow
27:24 Gold Mining
27:51 Leather Archer Armor
28:08 Double-Bit Axe
29:37 Wheelbarrow
29:21 Bloodlines
29:37 Stone Mining
30:44 Town Watch
32:03 Bow Saw
32:22 Husbandry
36:49 Imperial Age
36:12 Horse Collar
39:53 Elite Skirmisher
41:54 Ballistics
42:11 Elite Skirmisher
50:14 Imperial Age
willrhyd
0:46 Loom
12:58 Feudal Age
13:59 Double-Bit Axe
16:36 Castle Age
14:47 Horse Collar
17:30 Bow Saw
17:51 Heavy Plow
24:45 Wheelbarrow
24:31 Gold Mining
28:30 Imperial Age
26:46 Fletching
26:56 Padded Archer Armor
27:34 Hand Cart
28:04 Bodkin Arrow
28:24 Leather Archer Armor
27:41 Crossbowman
28:34 Thumb Ring
28:32 Arbalester
30:18 Chemistry
28:44 Arbalester
29:36 Bracer
30:14 Ballistics
30:43 Conscription
32:23 Siege Engineers
33:24 Torsion Engines
35:56 Onager
36:59 Caravan
38:58 Siege Onager
46:04 Ring Archer Armor
Fricelebarbare
5:40 Loom
11:39 Feudal Age
16:15 Castle Age
14:08 Double-Bit Axe
14:04 Horse Collar
17:05 Heavy Plow
18:00 Bow Saw
22:46 Wheelbarrow
24:11 Gold Mining
27:34 Husbandry
27:44 Bloodlines
28:17 Scale Barding Armor
28:22 Forging
28:09 Stone Mining
28:54 Gold Shaft Mining
30:40 Chain Barding Armor
30:55 Iron Casting
33:24 Imperial Age
30:40 Town Watch
32:12 Stone Shaft Mining
33:14 Cavalier
34:34 Plate Barding Armor
35:00 Blast Furnace
37:03 Chemistry
36:07 Padded Archer Armor
36:52 Hand Cart
36:37 Town Patrol
36:27 Crossbowman
37:04 Fletching
39:09 Savar
41:04 Kamandaran
41:03 Bodkin Arrow
41:24 Leather Archer Armor
41:52 Savar
43:39 Ring Archer Armor
43:47 Thumb Ring
hehe xd
11:54 Feudal Age
13:30 Double-Bit Axe
16:26 Castle Age
14:58 Horse Collar
17:39 Padded Archer Armor
22:04 Imperial Age
20:27 Loom
21:22 Padded Archer Armor
26:24 Gold Mining
29:12 Wheelbarrow
29:05 Leather Archer Armor
29:04 Fletching
30:16 Bow Saw
37:16 Ring Archer Armor
45:08 Hand Cart
45:25 Fortified Wall
44:58 Treadmill Crane
45:14 Murder Holes
45:12 Fletching
46:00 Artillery
LeosMind
1:05 Loom
13:11 Feudal Age
17:01 Castle Age
14:56 Double-Bit Axe
15:17 Horse Collar
15:25 Horse Collar
22:58 Bow Saw
24:09 Town Watch
25:04 Wheelbarrow
27:39 Town Patrol
32:10 Imperial Age
31:21 Forging
31:04 Fletching
31:50 Bodkin Arrow
33:04 Butalmapu
32:21 Elite Bolas Rider
34:22 Gold Mining
35:05 Padded Archer Armor
37:34 Gold Shaft Mining
37:50 Stone Mining
38:43 Padded Archer Armor
39:12 Ballistics
40:34 Leather Archer Armor
42:20 Chemistry
42:19 Conscription
43:51 Ring Archer Armor
43:52 Malon
45:05 Forging
44:17 Onager
45:08 Siege Engineers
Mahore
12:18 Feudal Age
16:24 Castle Age
14:31 Horse Collar
14:38 Double-Bit Axe
14:47 Loom
25:10 Loom
25:48 Padded Archer Armor
27:21 Wheelbarrow
26:39 Gold Mining
27:28 Fletching
28:38 Pikeman
30:07 Forging
29:58 Scale Mail Armor
30:18 Gambesons
30:34 Squires
32:01 Iron Casting
31:40 Town Watch
32:13 Hand Cart
34:34 Chain Mail Armor
36:22 Bow Saw
36:46 Heavy Plow
43:29 Imperial Age
41:01 Town Patrol
41:10 Stone Mining
43:39 Bloodlines
43:30 Husbandry
45:13 Two-Man Saw
44:49 Crop Rotation
43:59 Elite Varangian Guard
44:12 Light Cavalry
45:08 Hussar
46:33 Conscription
45:38 Shield Wall
45:40 Elite Hearth Troop
46:15 Halberdier
46:42 Arson
47:48 Plate Mail Armor
47:26 Scale Barding Armor
TW_Picar
10:57 Feudal Age
14:18 Castle Age
12:29 Double-Bit Axe
12:40 Horse Collar
15:37 Bow Saw
20:57 Heavy Plow
22:41 Wheelbarrow
21:52 Loom
22:13 Gold Mining
22:14 Stone Mining
26:45 Stone Shaft Mining
26:46 Gold Shaft Mining
29:58 Imperial Age
28:12 Scale Barding Armor
28:18 Forging
29:42 Chain Barding Armor
29:46 Hand Cart
30:25 Iron Casting
30:04 Bloodlines
29:54 Husbandry
30:21 Elite Ballista Elephant
31:05 Double Crossbow
31:26 Conscription
31:39 Crop Rotation
32:20 Chemistry
32:35 Town Watch
33:29 Plate Barding Armor
32:56 Padded Archer Armor
33:57 Blast Furnace
35:23 Ballistics
35:08 Siege Engineers
35:23 Ballistics
37:33 Hoardings
37:54 Fletching
38:19 Leather Archer Armor
39:25 Elite Battle Elephant
39:27 Light Cavalry
40:11 Fletching
41:41 Hussar
43:31 Ring Archer Armor
45:43 Caravan
46:02 Bodkin Arrow
46:33 Town Patrol
Connection lost

Rejoining the realm…

Still unreachable

The connection could not be restored.

Session expired

The server has moved on; the page needs a fresh start.